 Dungeon Crawl Stone Soup version 0.25-b1-37-g2669288c55 (webtiles) character file.

Game seed: 5261133152715007300

22 raph the Sneak (level 2, 0/13 HPs)
             Began as a Spriggan Enchanter on June 5, 2020.
             Slain by a gnoll
             ... wielding a +0 flail
              (13 damage)
             ... on level 2 of the Dungeon.
             The game lasted 00:02:35 (1438 turns).

raph the Sneak (Spriggan Enchanter)                 Turns: 1438, Time: 00:02:35

Health: 0/13       AC:  2    Str:  4    XL:     2   Next: 68%
Magic:  5/6        EV: 18    Int: 16    God:
Gold:   53         SH:  0    Dex: 16    Spells: 3/6 levels left

rFire    . . .     SeeInvis +   b - +2 hunting sling (freeze)
rCold    . . .     Gourm    .   (shield restricted)
rNeg     . . .     Faith    .   e - +0 robe
rPois    .         Spirit   .   (helmet restricted)
rElec    .         Reflect  .   (no cloak)
rCorr    .         Harm     .   (gloves unavailable)
MR       .....                  (boots unavailable)
Stlth    +++.......             (no amulet)
HPRegen  0.04/turn              (no ring)
MPRegen  0.10/turn              (no ring)

@: very quick
A: very small, unfitting armour, see invisible, herbivore, speed 3, slow
metabolism 2
a: no special abilities


You were on level 2 of the Dungeon.
You were not hungry.

You visited 1 branch of the dungeon, and saw 2 of its levels.

You collected 53 gold pieces.

Inventory:

Hand Weapons
 a - a +1 dagger
 b - a +2 hunting sling of freezing (weapon)
Missiles
 c - 91 stones (quivered)
Armour
 e - a +0 robe (worn)
Scrolls
 h - a scroll of amnesia {unknown}
Potions
 f - a potion of lignification {unknown}
 g - 2 potions of stabbing {unknown}
Comestibles
 d - 2 rations


   Skills:
 * Level 2.0 Short Blades
 + Level 0.8 Slings
 - Level 3.0 Dodging
 + Level 4.7 Stealth
 - Level 2.6 Spellcasting
 * Level 4.1 Hexes


You had 3 spell levels left.
You knew the following spells:

 Your Spells              Type           Power        Failure   Level  Hunger
a - Corona                Hex            ###....      3%          1    #......
b - Ensorcelled Hibernat  Hex/Ice        #.....       13%         2    ##.....

Your spell library contained the following spells:

 Spells                   Type           Power        Failure   Level  Hunger
 Confusing Touch          Hex            ###.....     11%         3    ###....
 Tukima's Dance           Hex            ###.....     11%         3    ###....
 Dazzling Flash           Conj/Hex       #.....       26%         3    ###....


Dungeon Overview and Level Annotations

Branches:
Dungeon (2/15)

Altars:


Innate Abilities, Weirdness & Mutations

You are very small and have problems with some larger weapons.
You are too small for most types of armour.
You have supernaturally acute eyesight. (SInv)
You are a herbivore.
You cover ground extremely quickly.
You need to consume almost no food.


Message History

Aim: a gnoll, wielding a +0 flail (moderately wounded, softly glowing)
You shoot a stone. The stone hits the gnoll.
The stone freezes the gnoll.
The gnoll is heavily wounded.
The gnoll misses you.
You see here a rat corpse.
Firing (i - inventory)
c - 93 stones (quivered)
Press: ? - help, Shift-Dir - straight line, f/p - gnoll
Aim: a gnoll, wielding a +0 flail (heavily wounded, softly glowing)
You shoot a stone. The stone hits the gnoll.
The stone freezes the gnoll.
The gnoll is almost dead.
The gnoll stops glowing.
Firing (i - inventory)
c - 92 stones (quivered)
Press: ? - help, Shift-Dir - straight line, f/p - gnoll
Aim: a gnoll, wielding a +0 flail (almost dead)
You shoot a stone. The stone closely misses the gnoll.
The stone hits the gnoll.
The stone freezes the gnoll.
The gnoll is heavily wounded.
The gnoll hits you with a +0 flail!
Ouch! That really hurt!
You die...

.####g##.#
#############
#. #(#
#............
# #.#
#.##########.
#(# #.# #.
#.# #.# ##.
#g# #.# ##..
#g# #.#
#####.#. #g#
#.# #.......
#@# #.#
#.###.#.
#.####.####.#
##..
#...........#
##.
######.######
#)
#.##########.
#<...........
#############
........
########


You could see 3 gnolls.

Vanquished Creatures
  4 goblins
  5 hobgoblins
  6 bats
  A frilled lizard (D:2)
  2 kobolds
  2 rats
20 creatures vanquished.

Notes
Turn   | Place    | Note
-------+----------+-------------------------------------------
     0 | D:1      | raph the Spriggan Enchanter began the quest for the Orb.
     0 | D:1      | Reached XP level 1. HP: 9/9 MP: 5/5
   924 | D:1      | Reached XP level 2. HP: 13/13 MP: 6/6
  1144 | D:2      | Learned a level 2 spell: Ensorcelled Hibernation
  1438 | D:2      | Slain by a gnoll

Illustrated notes

Levels and vault maps discovered:
D:1:      sevenhm_arrival_forest_fort_small_5, layout_basic,
          chequers_serial_rivers_micro_e
D:2:      layout_loops_ring, minmay_misc_feat_iff

Skill      XL: |  1  2 |
---------------+-------+-----
Hexes          | 4 |  4.1
Short Blades   | 2 |  2.0
Slings         | |  0.8
Dodging        | |  3.0
Stealth        | |  4.7
Spellcasting   | |  2.6

Action                   || total
-------------------------++-------
Melee: Dagger            ||    44
 Fire: Hunting sling     ||    32
 Cast: Corona            ||    11
 Stab: Sleeping          ||     1
Armor: Robe              ||     3
Dodge: Dodged            ||    34
